 Dungeon Crawl Stone Soup version 0.28-a0-998-gb9e9c7b67e (webtiles) character file.

Game seed: 4096325850717844568

25 ytrimaz the Insei (level 3, -2/23 HPs)
             Began as an Octopode Transmuter on Dec 5, 2021.
             Slain by Sigmund (10 damage)
             ... on level 2 of the Dungeon.
             The game lasted 00:01:21 (1664 turns).

ytrimaz the Insei (Octopode Transmuter)             Turns: 1664, Time: 00:01:21

Health: -2/23      AC:  1    Str:  9    XL:     3   Next: 4%
Magic:  1/6        EV: 13    Int: 17    God:
Gold:   72         SH:  0    Dex: 12    Spells: 2/6 levels left

rFire   . . .      SeeInvis .     - Unarmed
rCold   . . .      Faith    .   (no shield)
rNeg    . . .      Spirit   .   (helmet restricted)
rPois   .          Reflect  .   (no amulet)
rElec   .          Harm     .   c - ring of resist corrosion
rCorr   +          Rampage  .   (no ring)
Will    .....                   (no ring)
Stlth   ++........              (no ring)
HPRegen 0.07/turn               (no ring)
MPRegen 0.10/turn               (no ring)
                                (no ring)
                                (no ring)

@: confused, lethally poisoned (-2 -> -12)
A: almost no armour, amphibious, 8 rings, camouflage 1, gelatinous body 1,
(nimble swimmer 1), tentacles
a: no special abilities


You were on level 2 of the Dungeon.
You visited 1 branch of the dungeon, and saw 2 of its levels.

You collected 72 gold pieces.

Inventory:

Jewellery
 c - a ring of resist corrosion (left tentacle)
 e - an amulet of guardian spirit
Scrolls
 a - 3 scrolls of enchant armour
 d - 3 scrolls of identify {unknown}
Potions
 b - 2 potions of brilliance {unknown}


   Skills:
 - Level 1.0 Fighting
 + Level 2.2 Dodging
 + Level 3.6 Unarmed Combat
 + Level 2.2 Spellcasting
 + Level 2.2 Transmutations


You had 2 spell levels left.
You knew the following spells:

 Your Spells              Type           Power      Damage    Failure   Level
a - Beastly Appendage     Tmut           18%        N/A       8%          1
b - Spider Form           Tmut/Pois      5%         N/A       34%         3

Your spell library contained the following spells:

 Spells                   Type           Power      Damage    Failure   Level
 Wereblood                Tmut           9%         N/A       12%         2
 Ice Form                 Ice/Tmut       5%         N/A       75%         4


Dungeon Overview and Level Annotations

Branches:
Dungeon (2/15)

Altars:

Annotations:
D:2 1 runed translucent door, Crazy Yiuf, Robin, Sigmund


Innate Abilities, Weirdness & Mutations

You cannot wear most types of armour.
You are amphibious.
You can wear up to eight rings at the same time.
Your skin changes colour to match your surroundings (Stealth+).
Your rubbery body absorbs attacks. (AC +1, EV +1)
((You are camouflaged near water. (Stealth+)))
You have tentacles for arms and can constrict up to eight enemies at once.


Message History

Your transformation is almost over.
Unknown command.
Sigmund shouts!
Sigmund closely misses you.
You barely miss Sigmund. Sigmund misses you.
You hit Sigmund.
Sigmund is poisoned.
Sigmund is lightly wounded.
Sigmund points at you and mumbles some strange words.
The puff of flame misses you.
You hit Sigmund.
Sigmund is moderately wounded.
Sigmund barely misses you.
Your magical contamination has completely faded away.
You barely miss Sigmund.
Sigmund is moderately wounded.
You hit Sigmund but do no damage.
Sigmund looks as sick as possible!
Sigmund is moderately wounded.
Sigmund points at you and mumbles some strange words.
You are confused.
Sigmund misses you.
You're too confused to move!
Unknown command.
Your transformation has ended.
Sigmund hits you from afar with a +2 scythe of venom.
You are poisoned.
You see here a +0 short sword.
You feel sick.
Sigmund points at you and mumbles some strange words.
You are more confused.
Unknown command.
You feel sick. Sigmund misses you.
You see here a +0 short sword.
Unknown command.
You feel sick.
You bump into the rock wall.
You feel sick.
Sigmund hits you with a +2 scythe of venom.
You are lethally poisoned!
You feel very sick.
Sigmund hits you with a +2 scythe of venom!
You die...

#. .# #....... .# #.
#.#.#... .#
#..#####.#.#... #
.#.#.........##..
#.##.##.#####.####..
#.......# #.####..
####)########.......
##.#.# #.....######
#.#@@# #.....######
#.### #..........#
#..# #.....##....
##.# #.[...##.###
#.# ########.##. #.#
#.##. #.# #.##. #.#
#.... #.# ####.


You could see Sigmund (very poisoned).

Vanquished Creatures
  A worm (D:2)
  A dart slug (D:2)
  A bat (D:1)
  An endoplasm (D:1)
  3 goblins
  3 hobgoblins (D:1)
  2 ball pythons
  3 frilled lizards
  4 kobolds (D:1)
  A rat (D:2)
20 creatures vanquished.

Notes
Turn   | Place    | Note
-------+----------+-------------------------------------------
     0 | D:1      | ytrimaz the Octopode Transmuter began the quest for the
                  | Orb.
     0 | D:1      | Reached XP level 1. HP: 13/13 MP: 3/3
    98 | D:1      | Reached XP level 2. HP: 9/18 MP: 5/5
   766 | D:2      | Found a runed translucent door.
   767 | D:2      | Noticed Crazy Yiuf
   881 | D:2      | Noticed Robin
  1357 | D:2      | Found a faded altar of an unknown god.
  1420 | D:2      | Reached XP level 3. HP: 13/23 MP: 3/6
  1424 | D:2      | Learned a level 3 spell: Spider Form
  1646 | D:2      | Noticed Sigmund
  1664 | D:2      | Slain by Sigmund

Illustrated notes

Levels and vault maps discovered:
D:1:      tarquinn_simple_flora_water_e, layout_rooms, minmay_octomino_e4
D:2:      layout_loops_cross, ebering_ecumenical_altar_webs, uniq_robin,
          uniq_crazy_yiuf_cottage, uniq_sigmund

Action                   || total
-------------------------++-------
Melee: Unarmed           ||    40
       Constrict         ||    12
       Kick              ||     7
       Punch             ||     2
       Tentacles         ||     5
 Cast: Beastly Appendage ||     8
       Spider Form       ||     2
  Use: Scroll            ||     3
 Stab: Sleeping          ||     1
Armor: Skin              ||     3
Dodge: Dodged            ||    29

Table legend: (Time is in decaauts)
 A = Elapsed time spent in this place.
 B = Non-inter-level travel time spent in this place.
 C = Inter-level travel time spent in this place.
 D = Time resting spent in this place.
 E = Time spent auto-exploring this place.
 F = Levels seen in this place.
 G = Mean time per level.
                   A        B        C        D        E       F      G
               +--------+--------+--------+--------+--------+-----+--------+
         Total |   1661 |   1618 |     43 |    104 |   1286 |   2 |  830.5 |
       Dungeon |   1661 |   1618 |     43 |    104 |   1286 |   2 |  830.5 |
               +--------+--------+--------+--------+--------+-----+--------+

Top non-repeatable levels by time:
     D:1: 864 daAuts
     D:2: 796 daAuts
